AoeStats
← BYoooo

Hideout

510115833Analyzed
1v1 RM · 3d ago on Sep 29, 2026· 88m 35s· 2 players
Game mode
Random Map
Map size
Tiny (2 player)
Population
200
Speed
Normal
Resources
Standard
Victory
Conquest
Starting age
Dark Age
Ending age
Imperial Age
RankedLock teamsTeams togetherTeam positionsShared explorationLock speedFull tech treeHidden civsTurbo modeCheats
Victory
Defeat
🇺🇸 Tupi · United States
713
+16
🇩🇪 Franks · Germany
709
-16
BYoooo
10:50 Feudal Age
9:39 Loom
9:56 Loom
11:18 Double-Bit Axe
20:39 Castle Age
19:58 Wheelbarrow
21:39 Scale Barding Armor
21:46 Forging
21:47 Bow Saw
28:21 Husbandry
31:39 Imperial Age
29:14 Stone Mining
30:38 Chain Barding Armor
32:05 Iron Casting
31:59 Gold Mining
32:13 Town Watch
32:45 Hand Cart
32:09 Cavalier
33:45 Gold Shaft Mining
34:32 Conscription
36:21 Chemistry
37:34 Hoardings
37:04 Town Patrol
39:52 Blast Furnace
40:37 Treadmill Crane
41:08 Masonry
40:55 Murder Holes
41:10 Fortified Wall
40:51 Guard Tower
41:22 Ballistics
40:48 Arrowslits
43:00 Cranequins
44:13 Paladin
45:05 Heavy Mounted Crossbowman
45:18 Ordonnance Companies
47:02 Chivalry
46:57 Elite Skirmisher
51:55 Plate Barding Armor
51:12 Fletching
51:22 Padded Archer Armor
53:38 Elite Throwing Axeman
59:13 Squires
59:00 Arson
58:37 Pikeman
59:04 Gambesons
58:39 Man-at-Arms
60:23 Architecture
59:59 Siege Engineers
59:53 Bodkin Arrow
60:13 Leather Archer Armor
59:59 Scale Mail Armor
66:30 Light Cavalry
67:00 Halberdier
68:06 Chain Mail Armor
72:45 Long Swordsman
74:06 Two-Handed Swordsman
75:40 Plate Mail Armor
Stamone05
1:29 Loom
15:38 Feudal Age
16:32 Horse Collar
17:30 Double-Bit Axe
17:52 Scale Mail Armor
20:33 Fletching
20:53 Champi Runner
25:41 Castle Age
24:30 Town Watch
28:35 Champi Warrior
29:16 Squires
29:46 Heavy Plow
29:57 Bow Saw
29:38 Gold Mining
31:02 Forging
32:07 Gold Shaft Mining
35:02 Wheelbarrow
38:18 Iron Casting
37:59 Chain Mail Armor
40:44 Imperial Age
37:46 Pikeman
43:55 Hand Cart
43:42 Bodkin Arrow
43:43 Halberdier
44:09 Arson
46:09 Two-Man Saw
45:51 Conscription
46:18 Plate Mail Armor
48:24 Curare
48:36 Curare
48:34 Bracer
48:36 Padded Archer Armor
48:22 Heavy Scorpion
54:23 Hoardings
55:28 Leather Archer Armor
55:08 Stone Mining
59:57 Capped Ram
61:20 Ballistics
62:00 Chemistry
60:46 Arrowslits
60:57 Murder Holes
60:43 Treadmill Crane
66:16 Ring Archer Armor
Connection lost

Rejoining the realm…

Still unreachable

The connection could not be restored.

Session expired

The server has moved on; the page needs a fresh start.